 Dungeon Crawl Stone Soup version 0.27.1-2-g3b301248ec (webtiles) character file.

Game seed: 5499697561074534273

2 ABBCCCDDDD the Skirmisher (level 1, -3/16 HPs)
             Began as an Octopode Abyssal Knight on Sept 28, 2021.
             Was an Initiate of Lugonu.
             Slain by a kobold (5 damage)
             ... on level 1 of the Dungeon.
             The game lasted 00:00:28 (159 turns).

ABBCCCDDDD the Skirmisher (Octopode Abyssal Knight)  Turns: 159, Time: 00:00:28

Health: -3/16      AC:  1    Str: 11    XL:     1   Next: 30%
Magic:  0/2        EV: 13    Int: 14    God:    Lugonu [......]
Gold:   22         SH:  0    Dex: 11    Spells: 0/0 levels left

rFire    . . .     SeeInvis .     - Unarmed
rCold    . . .     Faith    .   (no shield)
rNeg     . . .     Spirit   +   (helmet restricted)
rPois    .         Reflect  .   a - amulet of guardian spirit
rElec    .         Harm     .   (no ring)
rCorr    .         Rampage  .   (no ring)
Will     .....                  (no ring)
Stlth    ++........             (no ring)
HPRegen  0.05/turn              (no ring)
MPRegen  0.08/turn              (no ring)
                                (no ring)
                                (no ring)

@: no status effects
A: almost no armour, amphibious, 8 rings, camouflage 1, gelatinous body 1,
(nimble swimmer 1), tentacles
a: Renounce Religion


You were on level 1 of the Dungeon.
You worshipped Lugonu.
Lugonu was noncommittal.
You visited 1 branch of the dungeon, and saw 1 of its levels.
You visited the Abyss 1 time.

You collected 22 gold pieces.

Inventory:

Jewellery
 a - an amulet of guardian spirit (around mantle)


   Skills:
 + Level 3.0 Fighting
 - Level 2.3 Dodging
 + Level 2.1 Unarmed Combat
 - Level 2.0 Invocations


You couldn't memorise any spells.
You didn't know any spells.
Your spell library was empty.

Dungeon Overview and Level Annotations

Branches:
Dungeon (1/15)

Altars:


Innate Abilities, Weirdness & Mutations

You cannot wear most types of armour.
You are amphibious.
You can wear up to eight rings at the same time.
Your skin changes colour to match your surroundings (Stealth+).
Your rubbery body absorbs attacks. (AC +1, EV +1)
((You are camouflaged near water. (Stealth+)))
You have tentacles for arms and can constrict up to eight enemies at once.


Message History

There is an open door here.
A ball python comes into view.
A ball python is nearby!
A kobold comes into view. It is wielding a +0 short sword.
The ball python hisses angrily.
The ball python misses you. The ball python barely misses you.
You closely miss the ball python. You grab the ball python.
You constrict the ball python. The ball python bites you.
The ball python misses you.
You tentacle-slap the ball python but do no damage.
You tentacle-slap the ball python.
The ball python is severely wounded.
You constrict the ball python.
You kill the ball python!
Lugonu accepts your kill.
The kobold shouts!
You hear a shout!
A kobold comes into view. It is wielding a +3 whip.
The kobold hits you with a +0 short sword.
You barely miss the kobold. Your grab misses the kobold.
The kobold completely misses you.
You tentacle-slap the kobold.
You kill the kobold!
Lugonu accepts your kill. The kobold barely misses you.
You tentacle-slap the kobold but do no damage.
Your grab misses the kobold. You barely miss the kobold.
Your grab misses the kobold. Your squeeze misses the kobold.
The kobold hits you with a +0 short sword.
You are too injured to fight recklessly!
You are too injured to fight recklessly!
You tentacle-slap the kobold. Your grab misses the kobold.
The kobold is moderately wounded.
The kobold hits you with a +0 short sword.
* * * LOW HITPOINT WARNING * * *
You barely miss the kobold. Your grab misses the kobold.
You squeeze the kobold, but do no damage.
The kobold is moderately wounded.
The kobold hits you with a +0 short sword.
You die...

#....#......+
##..######### #♣♣ ##'#
..8....####..♣♣ #..#
P...P..#..#...♣♣♣
#..#....P.P.#..#.....♣♣
#..#.P.P.P..#..#......♣
#..#8.P.P.P.#..#.......
#..# P...P..#..#)......
#..# .P.P...†..@K......
#'## ..................
##..#######.............
#....#..................
#....'..........♣♣♣♣####
##..#######...♣♣♣ ####
♣♣♣♣♣


You could see a kobold.

Levels and vault maps discovered:
D:1:      sevenhm_arrival_forest_fort_large_4, layout_loops_corners,
          serial_shops, nicolae_shop_stone, nicolae_shop_statue_plus, shop,
          nicolae_diamond_shop, shapermc_ecumenical_altar_gd

Notes
Turn   | Place    | Note
-------+----------+-------------------------------------------
     0 | Abyss:1  | ABBCCCDDDD the Octopode Abyssal Knight began the quest for
                  | the Orb.
     0 | Abyss:1  | Reached XP level 1. HP: 16/16 MP: 2/2
    88 | Abyss:2  | Noticed a purple draconian
    94 | Abyss:2  | Noticed a thrashing horror
   101 | Abyss:2  | Noticed a thrashing horror
   104 | D:1      | Escaped the Abyss
   159 | D:1      | Slain by a kobold

Table legend: (Time is in decaauts)
 A = Elapsed time spent in this place.
 B = Non-inter-level travel time spent in this place.
 C = Inter-level travel time spent in this place.
 D = Time resting spent in this place.
 E = Time spent auto-exploring this place.
 F = Levels seen in this place.
 G = Mean time per level.
                   A        B        C        D        E       F      G
               +--------+--------+--------+--------+--------+-----+--------+
         Total |    158 |    158 |      0 |      0 |    109 |   3 |   52.7 |
       Dungeon |     54 |     54 |      0 |      0 |     35 |   1 |   54.0 |
         Abyss |    103 |    103 |      0 |      0 |     74 |   2 |   51.5 |
               +--------+--------+--------+--------+--------+-----+--------+

Top non-repeatable levels by time:
 Abyss:2: 64 daAuts
     D:1: 54 daAuts
 Abyss:1: 39 daAuts

Table legend:
 A = Kills in this place as a percentage of kills in entire the game.
 B = Kills by you in this place as a percentage of kills by you in the entire game.
 C = Kills by friends in this place as a percentage of kills by friends in the entire game.
 D = Other kills in this place as a percentage of other kills in the entire game.
 E = Experience gained in this place as a percentage of experience gained in the entire game.
 F = Experience gained in this place divided by the number of levels of this place that you have seen.
                   A       B       C       D       E      F
               +-------+-------+-------+-------+-------+----------------------
         Total | 100.0 | 100.0 |   N/A |   N/A | 100.0 |   1.0
       Dungeon | 100.0 | 100.0 |   N/A |   N/A | 100.0 |   3.0
               +-------+-------+-------+-------+-------+----------------------

Action                   || total
-------------------------++-------
Melee: Unarmed           ||     8
       Constrict         ||     1
       Punch             ||     1
       Tentacles         ||     1
Invok: Depart the Abyss  ||     1
Dodge: Dodged            ||     7

Vanquished Creatures
  A kobold (D:1)
  A ball python (D:1)
2 creatures vanquished.
